 Dungeon Crawl Stone Soup version 0.21.1-1-g345015f (webtiles) character file.

4 keltmir the Vexing (level 1, -5/20 HPs)
             Began as a Gnoll Wanderer on Apr 7, 2018.
             Slain by a goblin
             ... wielding a +2 dagger of distortion
              (15 damage)
             ... on level 1 of the Dungeon.
             The game lasted 00:01:22 (375 turns).

keltmir the Vexing (Gnoll Wanderer)                  Turns: 375, Time: 00:01:23

Health: -5/20      AC:  3    Str: 13    XL:     1   Next: 60%
Magic:  2/2        EV: 11    Int: 12    God:
Gold:   28         SH:  0    Dex: 17    Spells: 0/0 levels left

rFire    . . .     SeeInvis .   a - +2 dagger
rCold    . . .     Gourm    .   (no shield)
rNeg     . . .     Faith    .   e - +0 robe
rPois    .         Spirit   .   (no helmet)
rElec    .         Reflect  .   (no cloak)
rCorr    .         Harm     .   i - +0 pair of gloves
MR       .....                  (no boots)
Stlth    +++.......             (no amulet)
HPRegen  0.06/turn              (no ring)
MPRegen  0.08/turn              (no ring)

@: no status effects
A: distributed training, fangs 1, strong nose
a: no special abilities


You were on level 1 of the Dungeon.
You were not hungry.

You visited 1 branch of the dungeon, and saw 1 of its levels.

You collected 28 gold pieces.

Inventory:

Hand Weapons
 a - a +2 dagger (weapon)
Armour
 e - a +0 robe (worn)
 i - a +0 pair of gloves (worn)
Scrolls
 d - a scroll of teleportation
 g - a scroll of enchant weapon {unknown}
Potions
 b - a potion of berserk rage
Books
 c - Tiuj's Grimoire of the Entourage

   Spells                             Type                      Level
   a - Summon Small Mammal            Summoning                    1
   b - Recall                         Summoning/Translocation      3
Comestibles
 f - 2 rations


   Skills:
 + Level 4.4 Fighting
 + Level 0.0 Short Blades
 + Level 0.0 Long Blades
 + Level 0.0 Axes
 + Level 0.0 Maces & Flails
 + Level 0.0 Polearms
 + Level 0.0 Staves
 + Level 0.0 Slings
 + Level 0.0 Bows
 + Level 0.0 Crossbows
 + Level 0.0 Throwing
 + Level 0.0 Armour
 + Level 0.0 Dodging
 + Level 4.0 Stealth
 + Level 2.3 Shields
 + Level 2.3 Unarmed Combat
 + Level 0.0 Spellcasting
 + Level 0.0 Conjurations
 + Level 5.3 Hexes
 + Level 0.0 Charms
 + Level 0.0 Summonings
 + Level 0.0 Necromancy
 + Level 0.0 Translocations
 + Level 0.0 Transmutations
 + Level 0.0 Fire Magic
 + Level 0.0 Ice Magic
 + Level 0.0 Air Magic
 + Level 0.0 Earth Magic
 + Level 0.0 Poison Magic
 + Level 0.1 Invocations
 + Level 2.3 Evocations


You couldn't memorise any spells.
You didn't know any spells.

Dungeon Overview and Level Annotations

Branches:
Dungeon (1/15)

Altars:


Innate Abilities, Weirdness & Mutations

Your experience applies equally to all skills.
You have very sharp teeth.
Your uncanny sense of smell can sniff out nearby items.


Message History

Okay, then.
Wear which item? (? for menu, Esc to quit)
You start putting on your armour.
You continue putting on your pair of gloves. x4
You finish putting on your +0 pair of gloves.
Found a club.
A goblin comes into view. It is wielding a dagger of distortion.
The goblin shouts!
Okay, then.
Things that are here:
a dagger; a kobold skeleton
There is an open door here.
You see here a club.
The goblin hits you but does no damage. Space bends around you.
You closely miss the goblin. You bite the goblin.
The goblin is heavily wounded.
The goblin hits you with a dagger of distortion.
Space warps horribly around you!
Ouch! That really hurt!
You die...

+.....'....g..)........
#)....#########g########.##
#.....# #................
#.....# #.#######'#######
##.....# #.#.............#
#......# #.#.###########.#
####...)..# #.#
#.........#.# #.........#
#g# #.###.###.#.#
.#.........#####@#
#.....#.#.#
............##...#
#..<..#...#
....#..........#.#
#.....#.#.#
....#.......####.#
#######.#.# ....#.......#
#.# ..#.# ....#.......# #.#
####.# ....#####...# #.#
..# ....# ...# #.# ###
....# ### #..


You could see a goblin.

Vanquished Creatures
  A leopard gecko (D:1)
  A goblin (D:1)
  A kobold (D:1)
3 creatures vanquished.

Notes
Turn   | Place    | Note
-------+----------+-------------------------------------------
     0 | D:1      | keltmir the Gnoll Wanderer began the quest for the Orb.
     0 | D:1      | keltmir set off with: a +2 dagger, a potion of berserk rage, Tiuj's Grimoire of the Entourage, a scroll of teleportation, a +0 robe, a ration
     0 | D:1      | Reached XP level 1. HP: 20/20 MP: 2/2
     5 | D:1      | Identified Tiuj's Grimoire of the Entourage
   375 | D:1      | Slain by a goblin

Action                   || total
-------------------------++-------
Melee: Dagger            ||    11
       Bite              ||     2
 Stab: Sleeping          ||     1
Armor: Robe              ||     2
Dodge: Dodged            ||     2
